 Dungeon Crawl Stone Soup version 0.24.0-123-gd5b16e6ec5 (webtiles) character file.

Game seed: 9140275384549520308, levelgen mode: deterministic

255 Curus the Slasher (level 5, 0/49 HPs)
             Began as a Minotaur Abyssal Knight on Dec 24, 2019.
             Was a Priest of Lugonu.
             Slain by a hound (3 damage)
             ... on level 4 of the Dungeon.
             The game lasted 00:09:10 (1782 turns).

Curus the Slasher (Minotaur Abyssal Knight)         Turns: 1782, Time: 00:09:11

Health: 0/49       AC:  7    Str: 16    XL:     5   Next: 91%
Magic:  6/7        EV:  8    Int:  9    God:    Lugonu [***...]
Gold:   171        SH:  7    Dex: 11    Spells: 4/4 levels left

rFire    . . .     SeeInvis .   a - +2 falchion
rCold    . . .     Gourm    .   m - +0 shield
rNeg     . . .     Faith    .   j - +1 scale mail
rPois    .         Spirit   .   (helmet restricted)
rElec    +         Reflect  .   (no cloak)
rCorr    .         Harm     .   (no gloves)
MR       .....                  (no boots)
Stlth    ..........             h - amulet of rage
HPRegen  0.16/turn              d - +2 ring of slaying
MPRegen  0.10/turn              (no ring)

@: lethally poisoned (0 -> -3)
A: retaliatory headbutt, horns 2, repulsion field 1, robust 1, electricity
resistance
a: Depart the Abyss, Bend Space, Banish, Renounce Religion, Evoke Berserk Rage


You were on level 4 of the Dungeon.
You worshipped Lugonu.
Lugonu was most pleased with you.
You were very hungry.

You visited 1 branch of the dungeon, and saw 4 of its levels.
You visited the Abyss 1 time.

You collected 171 gold pieces.

Inventory:

Hand Weapons
 a - a +2 falchion (weapon)
Armour
 b - a +0 leather armour
 f - a +0 ring mail
 j - a +1 scale mail (worn)
 m - a +0 shield (worn)
Jewellery
 d - a +2 ring of slaying (left hand)
 h - an amulet of rage (around neck)
Wands
 k - a wand of paralysis (10)
Scrolls
 e - 3 scrolls of identify
 g - a scroll of blinking
 i - 2 scrolls of teleportation
 n - a scroll of fog
Comestibles
 c - 5 rations


   Skills:
 - Level 3.6 Fighting
 + Level 5.5 Long Blades
 - Level 2.4 Armour
 - Level 1.1 Dodging
 + Level 4.5 Invocations


You had 4 spell levels left.
You didn't know any spells.
Your spell library was empty.

Dungeon Overview and Level Annotations

Branches:
Dungeon (4/15)
 Temple: D:4-7

Altars:

Annotations:
D:4 1 runed translucent door, Crazy Yiuf


Innate Abilities, Weirdness & Mutations

You reflexively headbutt those who attack you in melee.
You have a pair of horns on your head.
You are surrounded by a mild repulsion field. (EV +2)
You are robust. (+10% HP)
You are resistant to electric shocks. (rElec)


Message History

The centaur is almost dead.
The hound bites you but does no damage. The centaur closely misses you.
The hound pauses to sniff the ground.
The hound barely misses you.
You riposte.
You hit the hound.
The hound is moderately wounded.
You barely miss the centaur.
The centaur is almost dead.
You are feeling very hungry.
You feel sick. The centaur hits you!
* * * LOW HITPOINT WARNING * * *
The hound bites you but does no damage. The centaur barely misses you.
You furiously retaliate!
You headbutt the centaur.
You kill the centaur!
Lugonu accepts your kill.
You feel your intelligence returning. You block the hound's attack.
Your shield and scale mail prevent you from hitting the hound.
The hound is moderately wounded.
The hound bites you.
You die...

##........
##........
...#......
##.......
.........
........#
#.......#
###....h@#
#####
........).#
#..)#
..........#
#...#
..........#
...
#...........#
#+#
#..........##
##.#
#..........##
#.##
...........#
##.#
#........###
#.##


You could see a hound.

Vanquished Creatures
  A centaur (D:4)
  A worker ant (D:4)
  An orc wizard (D:3)
  5 adders
  An ooze (D:1)
  3 dart slugs
  2 leopard geckos (D:1)
  6 orcs (D:3)
  7 bats
  2 giant cockroaches (D:1)
  10 goblins
  6 hobgoblins
  2 jackals (D:3)
  2 quokkas
  4 frilled lizards
  5 kobolds
  8 rats
66 creatures vanquished.

Notes
Turn   | Place    | Note
-------+----------+-------------------------------------------
     0 | Abyss:1  | Curus the Minotaur Abyssal Knight began the quest for the
                  | Orb.
     0 | Abyss:1  | Reached XP level 1. HP: 19/19 MP: 1/1
    26 | D:1      | Escaped the Abyss
    29 | D:1      | Gained mutation: You are robust. (+10% HP) [potion of
                  | mutation]
    29 | D:1      | Gained mutation: You are resistant to electric shocks.
                  | (rElec) [potion of mutation]
    29 | D:1      | Gained mutation: You are surrounded by a mild repulsion
                  | field. (EV +2) [potion of mutation]
    79 | D:1      | Reached XP level 2. HP: 22/28 MP: 2/2
    79 | D:1      | Reached skill level 3 in Long Blades
   135 | D:1      | Reached ** piety under Lugonu
   208 | D:1      | Reached XP level 3. HP: 22/34 MP: 2/4
   626 | D:2      | Reached skill level 4 in Long Blades
   633 | D:2      | Reached XP level 4. HP: 15/42 MP: 5/5
  1236 | D:3      | Reached *** piety under Lugonu
  1342 | D:3      | Reached XP level 5. HP: 49/49 MP: 6/6
  1733 | D:4      | Found a runed translucent door.
  1734 | D:4      | Noticed Crazy Yiuf
  1771 | D:4      | Noticed a centaur
  1775 | D:4      | Reached skill level 5 in Long Blades
  1781 | D:4      | Killed a centaur
  1782 | D:4      | Slain by a hound

Levels and vault maps discovered:
D:1:      saegor_arrival_simple_c, layout_loops_ring, corexii_leaking_fountain
D:2:      layout_rooms, chequers_arboretum
D:3:      layout_basic
D:4:      layout_rooms, gammafunk_ghost_gnarly_gnolls, first_ration,
          ebering_dispersal_statue_hall, st_stairs_14,
          nicolae_ru_sacrificial_ziggurat, uniq_crazy_yiuf_cottage

Skill      XL: |  1  2  3  4  5 |
---------------+----------------+-----
Invocations    | 2 3 4 |  4.5
Long Blades    | 3 4 5 |  5.5
Fighting       | |  3.6
Armour         | |  2.4
Dodging        | |  1.1

Action                   |  1- 3 |  4- 6 || total
-------------------------+-------+-------++-------
Melee: Falchion          |    82 |    75 ||   157
       Headbutt          |     8 |     7 ||    15
  Use: Potion            |     4 |     1 ||     5
       Scroll            |     5 |     3 ||     8
  Eat: Chunk             |       |     2 ||     2
Armor: Leather armour    |     9 |       ||     9
       Ring mail         |    11 |     8 ||    19
       Scale mail        |       |    29 ||    29
Dodge: Dodged            |    51 |    40 ||    91
Block: Shield            |       |    10 ||    10
       Rpst.: Falchion   |    13 |    13 ||    26
